[Event "ICC tourney 2667 (40 10)"]
[Site "Internet Chess Club"]
[Date "2021.09.11"]
[Round "5"]
[White "PARKER, MICHAEL WAYNE:BobbyFissure"]
[Black "Wan, Caleb:chess-caleb"]
[Result "0-1"]
[ICCResult "White resigns"]
[WhiteElo "1426"]
[BlackElo "2042"]
[Opening "Bird's opening: Lasker variation"]
[ECO "A03"]
[NIC "VO.07"]
[Time "20:01:34"]
[TimeControl "2400+10"]

1. f4 d5 2. Nf3 Nf6 3. e3 c5 4. d4 Nc6 5. Be2 g6 6. O-O Bg7 7. a3 O-O 8. Ra2
b6 9. Nc3 Bb7 10. Ne5 Ne4 11. Bf3 Nxc3 12. bxc3 f6 13. Nxc6 Bxc6 14. a4 c4
15. Re1 f5 16. a5 bxa5 17. Ba3 a4 18. g4 Qc7 19. g5 h6 20. h4 hxg5 21. hxg5
Kf7 22. Kg2 Rh8 23. Rh1 Rab8 24. Rxh8 Rxh8 25. Ra1 Rh7 26. Qd2 Qb8 27. Rh1
Rxh1 28. Kxh1 e6 29. Qc1 Bf8 30. Qb2 Qxb2 31. Bxb2 a3 32. Ba1 a2 33. Kg1 Ba4
34. Bd1 Ba3 35. Kf2 Bc1 36. Ke2 Bb5 37. Kf3 a5 38. Ke2 a4 39. Kf3 a3 40. Ke2
Bb2 41. Kd2 Bxa1 42. Be2 Bb2 {White resigns} 0-1

[Event "ICC tourney 2667 (40 10)"]
[Site "Internet Chess Club"]
[Date "2021.09.11"]
[Round "5"]
[White "Ghosh, Dipankar:Dipankar007"]
[Black "YAN, RUIYANG:jy2020"]
[Result "0-1"]
[ICCResult "White resigns"]
[WhiteElo "1850"]
[BlackElo "2155"]
[Opening "Réti opening"]
[ECO "E06"]
[NIC "CA.05"]
[Time "20:00:48"]
[TimeControl "2400+10"]

1. Nf3 Nf6 2. g3 e6 3. Bg2 d5 4. O-O Be7 5. d4 O-O 6. c4 dxc4 7. Qc2 Bd7 8.
Ne5 Nc6 9. Nxc6 Bxc6 10. Bxc6 bxc6 11. Qxc4 Qd5 12. Nd2 Rfd8 13. e3 c5 14.
dxc5 Bxc5 15. Qxd5 exd5 16. Nb3 Bb6 17. Bd2 Ne4 18. Rfd1 c5 19. Be1 Rac8 20.
Rac1 Ng5 21. Kg2 Ne6 22. h4 h5 23. Kf3 c4 24. Nd4 Nxd4+ 25. exd4 Re8 26. b3
cxb3 27. Rxc8 Rxc8 28. axb3 Rc2 29. Rd3 f6 30. Rc3 Rb2 31. Rd3 Kf7 32. g4
Kg6 33. gxh5+ Kxh5 34. Kf4 g6 35. f3 Re2 36. Bb4 Bc7+ {White resigns} 0-1

[Event "ICC tourney 2667 (40 10)"]
[Site "Internet Chess Club"]
[Date "2021.09.11"]
[Round "5"]
[White "WU, WILLIAM:K09-15782241"]
[Black "POMERANTZ, DANIEL G:dpomerantz135"]
[Result "1/2-1/2"]
[ICCResult "Game drawn because neither player has mating material"]
[WhiteElo "1916"]
[BlackElo "2238"]
[Opening "Sicilian: Alapin's variation (2.c3)"]
[ECO "B22"]
[NIC "SI.47"]
[Time "20:00:56"]
[TimeControl "2400+10"]

1. e4 c5 2. c3 Nf6 3. e5 Nd5 4. d4 cxd4 5. Nf3 e6 6. cxd4 b6 7. Nc3 Nxc3 8.
bxc3 Qc7 9. Bd2 Bb7 10. Bd3 d6 11. O-O Nd7 12. exd6 Bxd6 13. Re1 O-O 14. h3
Bf4 15. Be4 Bxe4 16. Rxe4 Bxd2 17. Qxd2 Nf6 18. Ree1 Rac8 19. Rac1 h6 20. c4
Qd6 21. c5 Qc7 22. a4 Rfd8 23. Qb2 Nd5 24. a5 bxa5 25. Qa3 Nb4 26. Re2 Nc6
27. Qc3 Qf4 28. Rd1 Rb8 29. Rb2 Rb4 30. Rbd2 Rdb8 31. Ne5 Rb3 32. Qa1 Nxe5
33. dxe5 Qxd2 34. Rxd2 Rb1+ 35. Rd1 Rxa1 36. Rxa1 Rb5 37. Rc1 Rb7 38. Ra1
Rc7 39. Rxa5 Kf8 40. f4 Ke7 41. Ra6 Kd7 42. c6+ Rxc6 43. Rxa7+ Rc7 44. Ra8
h5 45. Kf2 Kc6 46. g4 hxg4 47. hxg4 Kd5 48. Ra5+ Kc4 49. Ra4+ Kb5 50. Ra8
Rd7 51. Ke3 Kc5 52. Ra5+ Kb6 53. Ra8 Kb7 54. Rf8 g6 55. Ke4 Kc6 56. f5 exf5+
57. gxf5 gxf5+ 58. Kxf5 Kd5 59. Kf6 Ke4 60. Rxf7 Rxf7+ 61. Kxf7 Kxe5
{Game drawn because neither player has mating material}
1/2-1/2

[Event "ICC tourney 2667 (40 10)"]
[Site "Internet Chess Club"]
[Date "2021.09.11"]
[Round "5"]
[White "JORAJURIA MENDOZA, ALGOL:AJM04"]
[Black "VONTHRON, HORST:Sayilor"]
[Result "0-1"]
[ICCResult "White resigns"]
[WhiteElo "2050"]
[BlackElo "2411"]
[Opening "Sicilian: closed, 2...Nc6"]
[ECO "B23"]
[NIC "SI.44"]
[Time "20:00:50"]
[TimeControl "2400+10"]

1. e4 c5 2. Nc3 Nc6 3. Bb5 Nd4 4. Nf3 e6 5. Bc4 a6 6. a4 Nf6 7. Be2 d5 8. d3
Be7 9. O-O O-O 10. Bf4 Nxe2+ 11. Qxe2 d4 12. Nb1 Bd7 13. a5 Ne8 14. e5 Nc7
15. c4 dxc3 16. bxc3 Nd5 17. Bd2 Bc6 18. Na3 b5 19. axb6 Nxb6 20. c4 Nd7 21.
Nb1 Qc7 22. Bc3 a5 23. Na3 Rfb8 24. Rfb1 Nf8 25. Nd2 a4 26. Nb5 Qd7 27. Nd6
Ng6 28. N2e4 Bxe4 29. Nxe4 Rd8 30. Rd1 h6 31. g3 Qc6 32. Qf3 Qc7 33. Qh5
Rdb8 34. f4 Qd7 35. Qf3 Ra7 36. h4 Rb3 37. h5 Nf8 38. Kg2 a3 39. Ra2 Qb7 40.
g4 Nh7 41. Ba1 Qd7 42. Nc3 f6 43. Nb5 Ra6 44. Rf2 fxe5 45. Bxe5 Bf6 46. Rdd2
Qe7 47. Qd1 Rb4 48. Ra2 Bxe5 49. fxe5 Qh4 50. Rxa3 Rxa3 51. Nxa3 Ng5 52. Nb5
Qh3+ 53. Kg1 Qg3+ 54. Kf1 Qxe5 55. Qe1 Qb8 56. Qe3 Rb1+ 57. Ke2 Qa8 58. Qd2
Qa1 59. Qf4 {White resigns} 0-1

[Event "ICC tourney 2667 (40 10)"]
[Site "Internet Chess Club"]
[Date "2021.09.11"]
[Round "5"]
[White "DEVINENI, SRITAN:sritand"]
[Black "TAO, SIHAN:K06-16931716"]
[Result "0-1"]
[ICCResult "White resigns"]
[WhiteElo "1754"]
[BlackElo "1544"]
[Opening "Sicilian defense"]
[ECO "B20"]
[NIC "SI.48"]
[Time "20:01:25"]
[TimeControl "2400+10"]

1. e4 c5 2. a3 d6 3. Nc3 Nf6 4. Bc4 e6 5. Nf3 Be7 6. O-O O-O 7. d3 d5 8.
exd5 exd5 9. Ba2 h6 10. Re1 Nc6 11. Bf4 Be6 12. Nb5 Ne8 13. c4 d4 14. a4 a6
15. Na3 Bd6 16. Bxd6 Qxd6 17. Nc2 Nc7 18. Nd2 Bf5 19. Ne4 Bxe4 20. dxe4 Rfe8
21. Bb1 a5 22. Re2 Rad8 23. Ne1 Nb4 24. Nd3 Nca6 25. Qd2 Nxd3 26. Qxd3 Nb4
27. Qf3 b6 28. Bd3 Re7 29. Rae1 Rde8 30. e5 Qc7 31. Bb1 g6 32. e6 f5 33. g4
Qc6 34. Qf4 Rxe6 35. Re5 Rxe5 36. Rxe5 Rxe5 37. Qxe5 Qf3 38. gxf5 Qg4+ 39.
Kf1 Qd1+ 40. Kg2 Qg4+ 41. Kf1 Qd1+ 42. Qe1 Qxe1+ 43. Kxe1 gxf5 44. Bxf5 Kf7
45. Kd2 Kf6 46. Be4 Ke5 47. Bb7 Kf4 48. Bg2 Na6 49. Kd3 Nc7 50. Ke2 Ne6 51.
Bd5 Ng7 52. Bg2 Nf5 53. Bh3 h5 54. Bg2 Nd6 55. b3 Ne4 56. f3 Ng5 57. Kf2 h4
58. h3 Ke5 59. Bf1 Kf5 60. Bd3+ Kf4 61. Kg2 Ke3 62. Bc2 Nxf3 {White resigns}
0-1

[Event "ICC tourney 2667 (40 10)"]
[Site "Internet Chess Club"]
[Date "2021.09.11"]
[Round "5"]
[White "CHENG, Claire:Clairehouses"]
[Black "LYNN, BENNETT:ben622"]
[Result "1-0"]
[ICCResult "Black forfeits on time"]
[WhiteElo "1809"]
[BlackElo "2010"]
[Opening "Grünfeld: exchange, Spassky variation"]
[ECO "D87"]
[NIC "GI.05"]
[Time "20:00:53"]
[TimeControl "2400+10"]

1. d4 Nf6 2. c4 g6 3. Nc3 d5 4. cxd5 Nxd5 5. e4 Nxc3 6. bxc3 Bg7 7. Bc4 c5
8. Ne2 O-O 9. O-O Nc6 10. Be3 Na5 11. Bb3 cxd4 12. cxd4 Nxb3 13. Qxb3 b6 14.
Rad1 e6 15. Nc3 Ba6 16. Rfe1 Qc7 17. e5 Rfc8 18. Rc1 Qc4 19. Qb2 Bf8 20. Ne4
Qb4 21. Nf6+ Kg7 22. Qd2 Qxd2 23. Bxd2 Be7 24. Bg5 Ba3 25. Rb1 Rc2 26. Rb3
Bb2 27. Nxh7 Bc3 28. Re4 f5 29. exf6+ Kxh7 30. Rh4+ Kg8 31. f7+ Kxf7 32. Rh3
Bxd4 33. Rbf3+ {Black forfeits on time} 1-0

[Event "ICC tourney 2667 (40 10)"]
[Site "Internet Chess Club"]
[Date "2021.09.11"]
[Round "5"]
[White "REMPE, JONAS JAKOB RAZA:Drachekokosnuss"]
[Black "SHAWKAT, SAIF:saif-shawkat"]
[Result "0-1"]
[ICCResult "White resigns"]
[WhiteElo "2100"]
[BlackElo "1953"]
[Opening "Sicilian: Richter-Rauzer, Rauzer attack, 7...a6 defense, 8...Bd7"]
[ECO "B67"]
[NIC "SI.30"]
[Time "20:00:51"]
[TimeControl "2400+10"]

1. e4 c5 2. Nf3 d6 3. d4 cxd4 4. Nxd4 Nf6 5. Nc3 Nc6 6. Bg5 e6 7. Qd2 a6 8.
O-O-O Bd7 9. f3 Nxd4 10. Qxd4 Be7 11. g4 b5 12. Be3 Rb8 13. Be2 b4 14. Nb1
e5 15. Qd2 Be6 16. h4 Bxa2 17. g5 Nh5 18. f4 Nxf4 19. Bxf4 exf4 20. Qxf4 b3
21. Bc4 O-O 22. Rdg1 Bxb1 23. g6 Bf6 24. gxf7+ Kh8 25. cxb3 Ba2 26. Rh3 Be5
27. Qg5 Qb6 28. Kc2 Qd4 29. Rc3 Qf2+ 30. Kc1 Bf4+ 31. Qxf4 Qxf4+ 32. Kc2
Qf2+ {White resigns} 0-1

[Event "ICC tourney 2667 (40 10)"]
[Site "Internet Chess Club"]
[Date "2021.09.11"]
[Round "5"]
[White "SLADE, THEODORE LUKE:MrNormalName"]
[Black "ZILBERSTEIN, DMITRY:Zil"]
[Result "1-0"]
[ICCResult "Black resigns"]
[WhiteElo "2100"]
[BlackElo "2447"]
[Opening "Grünfeld: exchange, Spassky variation"]
[ECO "D87"]
[NIC "GI.05"]
[Time "20:01:41"]
[TimeControl "2400+10"]

1. d4 Nf6 2. c4 g6 3. Nc3 d5 4. cxd5 Nxd5 5. e4 Nxc3 6. bxc3 Bg7 7. Bc4 c5
8. Ne2 O-O 9. O-O Nc6 10. Be3 Qc7 11. Rc1 Rd8 12. Bd3 b6 13. d5 Ne5 14. c4
e6 15. Bg5 f6 16. Bh4 Nf7 17. f4 Re8 18. dxe6 Bxe6 19. f5 Bd7 20. fxg6 hxg6
21. Bxf6 Ne5 22. Nf4 Qd6 23. Bxg7 Qd4+ 24. Kh1 Kxg7 25. Be2 Rad8 26. Qc2 Bc6
27. Rcd1 Bxe4 28. Rxd4 Rxd4 29. Qc3 Bf5 30. Nd5 Rh8 31. Qg3 Ng4 32. Bxg4
Rxg4 33. Qe5+ Kh7 34. Nf6+ {Black resigns} 1-0

[Event "ICC tourney 2667 (40 10)"]
[Site "Internet Chess Club"]
[Date "2021.09.11"]
[Round "5"]
[White "RAJANISH, ADHVAITH:Adhvaith0406"]
[Black "SZERENCSY, IAN:iszerencsy"]
[Result "1-0"]
[ICCResult "Black resigns"]
[WhiteElo "1944"]
[BlackElo "1550"]
[Opening "Queen's pawn: London system"]
[ECO "A45"]
[NIC "QP.07"]
[Time "20:00:52"]
[TimeControl "2400+10"]

1. d4 Nf6 2. Bf4 g6 3. Nc3 d5 4. e3 Bg7 5. h4 h5 6. Nf3 O-O 7. Ne5 Ng4 8.
Be2 Nxe5 9. dxe5 c6 10. g4 hxg4 11. h5 Qd7 12. h6 Bxe5 13. h7+ Kh8 14. Bxe5+
f6 15. Bg3 e5 16. Rh4 g5 17. Bxg4 Qg7 18. Rh1 f5 19. Be2 f4 20. Bh2 g4 21.
exf4 exf4 22. Rg1 f3 23. Bxf3 Rxf3 24. Qxf3 gxf3 25. Rxg7 Kxg7 26. Kd2 Kxh7
27. Ke3 Bf5 28. Kxf3 Nd7 29. Re1 Rf8 30. Bf4 Kg6 31. Re2 Nf6 32. Kg2 Nh5 33.
Bg3 Rf7 34. f3 Kh6 35. Kh2 Rg7 36. Be5 Rg6 37. Nd1 Re6 38. Nf2 Kg5 39. f4+
Nxf4 40. Bxf4+ Kxf4 41. Nd3+ Kf3 42. Rf2+ Kg4 43. Rf4+ Kg5 44. Rf2 Rh6+ 45.
Kg2 Be4+ 46. Kg3 Rh1 47. Nf4 Rg1+ 48. Kh2 Rg4 49. Ne6+ Kg6 50. c3 Rh4+ 51.
Kg3 Rh1 52. Nc5 Kg5 53. Ne6+ Kh5 54. Nc5 Rg1+ 55. Kf4 b6 56. Nxe4 Rg4+ 57.
Ke5 Rxe4+ 58. Kd6 Rc4 59. Kc7 c5 60. Kb7 d4 61. Kxa7 dxc3 62. bxc3 b5 63.
Kb6 Rxc3 64. Kxb5 c4 65. a4 Rc1 66. Kb4 c3 67. Kb3 Ra1 68. Ra2 Rb1+ 69. Kxc3
Kg6 70. a5 Kf6 71. a6 Rb8 72. a7 Ra8 73. Kc4 Ke5 74. Kb5 Kd6 75. Kb6 Kd7 76.
Kb7 {Black resigns} 1-0

[Event "ICC tourney 2667 (40 10)"]
[Site "Internet Chess Club"]
[Date "2021.09.11"]
[Round "5"]
[White "Otawa, Yuto:hidedozyo"]
[Black "Chakrabarti, Brejesh:Kochi222"]
[Result "1-0"]
[ICCResult "Black checkmated"]
[WhiteElo "2221"]
[BlackElo "2006"]
[Opening "Grünfeld: exchange variation"]
[ECO "D85"]
[NIC "GI.03"]
[Time "20:00:50"]
[TimeControl "2400+10"]

1. d4 Nf6 2. c4 g6 3. Nc3 d5 4. cxd5 Nxd5 5. Bd2 Bg7 6. e4 Nxc3 7. Bxc3 c5
8. d5 O-O 9. Qd2 Qc7 10. f4 Rd8 11. Bc4 Bxc3 12. bxc3 Nd7 13. Nf3 Nb6 14.
Be2 c4 15. a4 a5 16. O-O e6 17. Nd4 exd5 18. f5 dxe4 19. Qh6 Qe7 20. Rab1
Nd5 21. Bxc4 Rd6 22. Nb5 Rf6 23. Bxd5 Rxf5 24. Rxf5 Bxf5 25. Qe3 Rd8 26. c4
Be6 27. Nc3 Bc8 28. Rf1 Rf8 29. Nxe4 Kg7 30. Qg5 f6 31. Qd2 Qe5 32. Qxa5
Qd4+ 33. Kh1 Qd3 34. Rc1 Qe3 35. Qc3 Qf4 36. Re1 Bf5 37. Qg3 Qh6 38. Qc7+
Kh8 39. Nxf6 g5 40. Ne4 Re8 41. Qf7 Re5 42. Qxb7 Qf6 43. Qb8+ Kg7 44. Qb7+
Kh6 45. Qb2 Bg6 46. h3 Qf4 47. Qe2 Bh5 48. Qe3 Qh4 49. Kh2 Bg6 50. Qg3 Qf4
51. Qxf4 gxf4 52. a5 Bh5 53. a6 f3 54. gxf3 Bxf3 55. a7 Rg5 56. Nxg5 Bxd5
57. cxd5 Kh5 58. a8=Q Kh4 59. Qa4+ Kxg5 60. Qg4+ Kh6 61. Re6# {Black
checkmated} 1-0

[Event "ICC tourney 2667 (40 10)"]
[Site "Internet Chess Club"]
[Date "2021.09.11"]
[Round "5"]
[White "LIU, ERIC CHANG:el008"]
[Black "LING, CHENXUAN:UnicornMM"]
[Result "1/2-1/2"]
[ICCResult "Game drawn by repetition"]
[WhiteElo "1934"]
[BlackElo "1626"]
[Opening "Sicilian: Pelikan, Chelyabinsk variation"]
[ECO "B33"]
[NIC "SI.37"]
[Time "20:00:45"]
[TimeControl "2400+10"]

1. e4 c5 2. Nf3 Nc6 3. d4 cxd4 4. Nxd4 Nf6 5. Nc3 e5 6. Ndb5 d6 7. Bg5 a6 8.
Na3 b5 9. Nd5 Be7 10. Bxf6 Bxf6 11. c3 Bg5 12. Nc2 O-O 13. h4 Bh6 14. g4 g6
15. g5 Bg7 16. Qd2 Be6 17. O-O-O Rb8 18. Ndb4 Nxb4 19. Nxb4 Rb6 20. Nd5 Bxd5
21. Qxd5 Qc7 22. h5 b4 23. c4 Rc8 24. hxg6 hxg6 25. Kb1 Qc5 26. Qd2 a5 27.
Rh3 a4 28. Bd3 Qd4 29. Qe2 Qc5 30. Rdh1 a3 31. b3 Qd4 32. Rd1 Qc5 33. Bc2
Rb7 34. Qg4 Rbc7 35. Qh4 Kf8 36. Rf3 Kg8 37. Rfd3 Rd7 38. Qh2 Rcd8 39. Rh3
Rf8 40. Rf3 f6 41. gxf6 Rxf6 42. Rxf6 Bxf6 43. Qh6 Rg7 44. Qh3 Rf7 45. Qg4
Kg7 46. Qe6 Be7 47. Rg1 Bf6 48. Rd1 Be7 49. f4 exf4 50. e5 Qxe5 51. Qxg6+
Kf8 52. Qh6+ Ke8 53. Kc1 Qb2+ 54. Kd2 Qc3+ 55. Kc1 Qa1+ 56. Kd2 Qc3+ 57. Kc1
Qb2+ 58. Kd2 Qc3+ 59. Kc1 Qb2+ 60. Kd2 Qc3+ 61. Kc1 Qb2+
{Game drawn by repetition}
1/2-1/2

[Event "ICC tourney 2667 (40 10)"]
[Site "Internet Chess Club"]
[Date "2021.09.11"]
[Round "5"]
[White "FILIPOVICH, DAVID MICHAEL:dmfcan"]
[Black "WINDRAM, JAMES ALEXANDER:Cypsiurus"]
[Result "1-0"]
[ICCResult "Black resigns"]
[WhiteElo "2050"]
[BlackElo "1639"]
[Opening "Réti opening"]
[ECO "A04"]
[NIC "QP.10"]
[Time "20:00:55"]
[TimeControl "2400+10"]

1. Nf3 c5 2. g3 Nc6 3. Bg2 d6 4. c4 e5 5. Nc3 Be6 6. d3 g6 7. O-O Bg7 8. a3
Nge7 9. Rb1 a5 10. Bg5 h6 11. Bxe7 Qxe7 12. Nd2 O-O 13. Nd5 Qd8 14. Ne4 Bxd5
15. cxd5 Ne7 16. Nc3 Qd7 17. b4 cxb4 18. axb4 a4 19. b5 a3 20. Qb3 e4 21.
Bxe4 Bxc3 22. Qxc3 a2 23. Rb3 Ra4 24. Ra1 Rfa8 25. Qd2 Qc7 26. Rb2 Qa5 27.
Qxh6 Rb4 28. Rbxa2 Qxa2 29. Rxa2 Rxa2 30. Qg5 Kf8 31. Qf6 Rxb5 32. Qxd6 Ra8
33. Qd7 Rb6 34. d6 Nc6 35. Bxc6 bxc6 36. Qc7 Rbb8 37. Qxc6 Rd8 38. Qc7 Kg8
39. e4 Rac8 40. Qe7 Rb8 41. e5 Re8 42. Qg5 Kg7 43. h4 Rbd8 44. d4 Rd7 45. h5
Re6 46. d5 Re8 47. hxg6 fxg6 48. f4 Kh8 49. Qxg6 Rg8 50. Qh6+ Rh7 51. Qf6+
Rhg7 52. d7 Kh7 53. Qh4+ Kg6 54. d8=Q Kf5 55. Qxg8 Rxg8 56. Qg5+ {Black
resigns} 1-0

[Event "ICC tourney 2667 (40 10)"]
[Site "Internet Chess Club"]
[Date "2021.09.11"]
[Round "5"]
[White "LIN, LEO FANYUE:Leolix"]
[Black "NGUYEN, TIEN:ngthanhthuytien"]
[Result "0-1"]
[ICCResult "White forfeits on time"]
[WhiteElo "1850"]
[BlackElo "2103"]
[Opening "Queen's pawn: London system"]
[ECO "A45"]
[NIC "QP.07"]
[Time "20:01:28"]
[TimeControl "2400+10"]

1. d4 Nf6 2. Bf4 g6 3. Nc3 d5 4. e3 Bg7 5. h4 h5 6. Qd2 c6 7. Nf3 b5 8. Bd3
a5 9. Ne5 Qb6 10. e4 b4 11. Na4 Qxd4 12. Nf3 Qa7 13. Be3 Qb7 14. Rd1 O-O 15.
e5 Ng4 16. Bd4 Be6 17. Qe2 Nd7 18. Ng5 Ngxe5 19. Bxe5 Nxe5 20. Nc5 Qa7 21.
Ncxe6 fxe6 22. Nxe6 Ng4 23. Nxf8 Rxf8 24. O-O Nxf2 25. Rxf2 Rxf2 26. Qe6+
Kh8 27. Kh1 Rf4 28. g3 Rf6 29. Qc8+ Kh7 30. Rd2 Qe3 31. Rg2 Qe6 32. Qxe6
Rxe6 33. g4 Re1+ 34. Rg1 Rxg1+ 35. Kxg1 hxg4 36. h5 Bxb2 37. hxg6+ Kg7 38.
Kg2 Be5 39. Bf5 g3 40. Kf3 Kf6 41. Bd7 c5 42. Bc6 e6 43. Be8 Bf4 44. Kg2 e5
45. Kf1 d4 46. Kg2 e4 47. Bc6 e3 48. Kf3 Kxg6 49. Ke2 Kf6 50. Bf3 c4 51. Bd5
Ke5 52. Bf3 a4 {White forfeits on time} 0-1